 Dungeon Crawl Stone Soup version 0.19-a0-1697-g0595f0e (webtiles) character file.

8575 Saways the Carver (level 11, -9/72 HPs)
             Began as a High Elf Fighter on Sept 26, 2016.
             Was a High Priest of Okawaru.
             Engulfed by a death drake's foul pestilence (11 damage)
             ... on level 10 of the Dungeon.
             The game lasted 00:15:30 (11366 turns).

Saways the Carver (High Elf Fighter)               Turns: 11366, Time: 00:15:30

Health: -9/72      AC: 11    Str: 17    XL:     11   Next: 11%
Magic:  16/16      EV: 12    Int: 15    God:    Okawaru [*****.]
Gold:   68         SH:  0    Dex: 17    Spells: 0 memorised, 10 levels left

rFire  . . .     SeeInvis .     I - +14 plutonium sword {*Contam Stlth-}
rCold  . . .     Gourm    .     b - +0 scale mail
rNeg   . . .     Faith    .     (shield currently unavailable)
rPois  .         Spirit   .     j - +2 hat {Int+3}
rElec  .         Dismiss  .     (no cloak)
rCorr  .         Reflect  .     (no gloves)
MR     +....     Harm     .     w - +0 pair of boots (curse)
Stlth  ..........               (no amulet)
                                (no ring)
                                (no ring)

@: confused, lethally poisoned (-9 -> -45), very slightly contaminated, hasted
and slowed
A: no striking features
a: Heroism, Finesse, Renounce Religion


You were on level 10 of the Dungeon.
You worshipped Okawaru.
Okawaru was extremely pleased with you.
You were not hungry.

You visited 2 branches of the dungeon, and saw 11 of its levels.

You collected 460 gold pieces.
You spent 392 gold pieces at shops.

Inventory:

Hand Weapons
 d - a +5 scimitar
 q - a +0 great sword
 I - the +14 plutonium sword (weapon) {*Contam Stlth-}
   (You found it on level 10 of the Dungeon)

   It causes magical contamination when unequipped.
   It makes you less stealthy.
Armour
 b - a +0 scale mail (worn)
 c - a +0 shield
 j - a +2 hat of intelligence (worn)
 w - a cursed +0 pair of boots (worn)
 y - a +0 helmet
 G - a +3 buckler
Wands
 h - a wand of iceblast (8/15)
 l - a wand of confusion (16/48)
 r - a wand of disintegration (10/24)
 A - a wand of lightning (9/15)
 D - a wand of slowing (24/48)
Scrolls
 e - 4 scrolls of magic mapping
 i - 2 scrolls of remove curse
 m - a scroll of fog
 v - a scroll of amnesia
 E - a scroll of enchant weapon
Potions
 g - 2 potions of brilliance {unknown}
 k - a potion of magic
 p - 2 potions of degeneration
 s - 2 potions of cancellation {unknown}
 t - a potion of resistance {unknown}
 H - a potion of agility
Books
 a - a book of Maledictions

   Spells                             Type                      Level
   a - Corona                         Hexes                        1
   b - Ensorcelled Hibernation        Hexes/Ice                    2
   c - Confuse                        Hexes                        3
   d - Tukima's Dance                 Hexes                        3
   e - Dazzling Spray                 Conjuration/Hexes            3
 o - a book of Necromancy

   Spells                             Type                      Level
   a - Pain                           Necromancy                   1
   b - Animate Skeleton               Necromancy                   1
   c - Vampiric Draining              Necromancy                   3
   d - Regeneration                   Charms/Necromancy            3
   e - Animate Dead                   Necromancy                   4
   f - Control Undead                 Necromancy                   4
 x - a book of the Dragon

   Spells                             Type                      Level
   a - Flame Tongue                   Conjuration/Fire             1
   b - Cause Fear                     Hexes                        4
   c - Bolt of Fire                   Conjuration/Fire             6
   d - Dragon Form                    Transmutation                7
   e - Dragon's Call                  Summoning                    9
Comestibles
 f - 8 bread rations
 B - 4 beef jerkies
 J - 4 fruits


   Skills:
 - Level 6.2 Fighting
 * Level 14.0 Long Blades
 - Level 6.3 Armour
 - Level 3.7 Dodging
 - Level 6.3 Shields
 - Level 6.1 Invocations


You had 10 spell levels left.
You didn't know any spells.

Dungeon Overview and Level Annotations

Branches:
Dungeon (10/15)            Temple (1/1) D:4            Lair (0/6) D:8
    Orc: D:9-12

Altars:
Ashenzari
Cheibriados
Dithmenos
Elyvilon
Fedhas
Gozag
Hepliaklqana
Kikubaaqudgha
Makhleb
Nemelex Xobeh
Okawaru
Qazlal
Ru
Sif Muna
Trog
Uskayaw
Vehumet
Xom
Yredelemnul
Zin
The Shining One

Shops:
D:9 *

Portals:
Trove: D:10 (show abyssal rune of Zot)


Message History

The death drake breathes miasma at you. The foul vapour engulfs you!
You are poisoned.
You feel your flesh rotting away!
You feel as though you will be slow longer.
* * * LOW HITPOINT WARNING * * *
Unknown command.
Okay, then.
Okay, then.
You feel better.
You are engulfed in dark miasma.
You are lethally poisoned!
You feel as though you will be slow longer.
* * * LOW HITPOINT WARNING * * *
x2 You feel sick.
The death drake barely misses you.
Unknown command.
Unknown command.
You are confused.
You feel invigorated.
You are engulfed in dark miasma.
You are more poisoned.
You feel as though you will be slow longer.
You die...

#....#....#..# ..#
#.........#..# ..#
#.#.......#### ..#
#.#.####'######..#
#.#.#....).......#
#..(#............#
...#............#
#########§#######
.....§k@§§.......
..#..#§§#§..#...#
......§..........
# ##############


You could see a death drake.

Vanquished Creatures
  Gastronok (D:9)
  2 hill giants (D:10)
  Joseph (D:7)
  3 trolls
  A two-headed ogre (D:8)
  Prince Ribbit (D:9)
  Sigmund (D:6)
  A wyvern (D:9)
  The ghost of ThereIsNoGod the Chopper, an amateur MiGl (D:3)
  A steam dragon (D:8)
  3 water moccasins
  An orc warrior (D:10)
  3 ice beasts
  2 sky beasts
  3 ogres
  A necrophage (D:8)
  5 centaurs
  3 big kobolds
  4 bullfrogs
  Blork the orc (D:6)
  2 scorpions
  10 killer bees
  3 wights (D:3)
  An electric eel (D:8)
  A howler monkey (D:6)
  5 crimson imps
  2 bullfrog zombies
  3 hounds
  2 jellies
  3 orc priests
  5 orc wizards
  A centaur skeleton (D:8)
  A bullfrog skeleton (D:10)
  5 iguanas
  7 worker ants
  A hound zombie (D:5)
  10 adders
  A howler monkey skeleton (D:4)
  A shadow imp (D:9)
  An ooze (D:4)
  2 adder zombies
  An adder skeleton (D:4)
  6 worms
  A dart slug (D:3)
  4 leopard geckos
  18 orcs
  10 bats
  7 giant cockroaches
  12 goblins
  8 hobgoblins
  12 jackals
  23 kobolds
  8 quokkas
  2 ball pythons
  5 frilled lizards
  2 quokka skeletons (D:7)
  6 rats
231 creatures vanquished.

Notes
Turn   | Place    | Note
-------+----------+-------------------------------------------
     0 | D:1      | Saways the High Elf Fighter began the quest for the Orb.
     0 | D:1      | Reached XP level 1. HP: 16/16 MP: 2/2
    49 | D:1      | Reached XP level 2. HP: 12/21 MP: 3/3
   408 | D:1      | Reached skill level 3 in Long Blades
   531 | D:1      | Reached XP level 3. HP: 26/26 MP: 4/4
   781 | D:2      | Reached skill level 4 in Long Blades
   914 | D:2      | Reached XP level 4. HP: 20/31 MP: 5/5
  1671 | D:3      | Reached skill level 5 in Long Blades
  1674 | D:3      | Reached skill level 1 in Dodging
  1674 | D:3      | Reached XP level 5. HP: 34/37 MP: 6/6
  1959 | D:3      | Reached skill level 6 in Long Blades
  1959 | D:3      | Reached XP level 6. HP: 41/43 MP: 7/7
  2074 | D:3      | Found a snail-covered altar of Cheibriados.
  2100 | D:3      | Noticed ThereIsNoGod's ghost (amateur MiGl)
  2420 | D:4      | Found a staircase to the Ecumenical Temple.
  2435 | Temple   | Entered the Ecumenical Temple
  2662 | D:4      | HP: 2/43 [orc/hand axe (4)]
  2967 | D:4      | Reached skill level 7 in Long Blades
  3101 | D:3      | Killed ThereIsNoGod's ghost
  3101 | D:3      | Reached XP level 7. HP: 36/48 MP: 8/8
  3205 | D:3      | Found a shattered altar of Ashenzari.
  3314 | D:5      | Entered Level 5 of the Dungeon
  3330 | D:5      | Got a shimmering robe
  3341 | D:5      | Identified the +1 robe of Fortitude {Dex+2} (You found it on level 5 of the Dungeon)
  3366 | D:5      | Found a stormy altar of Qazlal.
  3464 | D:5      | Found a bloodstained altar of Trog.
  3466 | D:5      | Reached skill level 8 in Long Blades
  3467 | D:5      | Found an iron altar of Okawaru.
  3480 | D:5      | Became a worshipper of Warmaster Okawaru
  4251 | D:6      | Reached XP level 8. HP: 54/54 MP: 9/9
  4264 | D:6      | Noticed Sigmund
  4652 | D:6      | Killed Sigmund
  4956 | D:6      | You fall through a shaft for 2 floors!
  4969 | D:8      | Reached skill level 5 in Shields
  5067 | D:8      | Found a staircase to the Lair.
  5125 | D:7      | Reached * piety under Okawaru
  5295 | D:7      | Noticed Joseph
  5323 | D:7      | Killed Joseph
  5323 | D:7      | Reached skill level 9 in Long Blades
  5323 | D:7      | Reached skill level 1 in Invocations
  5601 | D:7      | Reached skill level 10 in Long Blades
  5601 | D:7      | Reached XP level 9. HP: 50/59 MP: 11/11
  5937 | D:7      | Reached skill level 5 in Armour
  6007 | D:7      | Noticed a troll
  6030 | D:7      | Killed a troll
  6030 | D:7      | Reached ** piety under Okawaru
  6405 | D:6      | Noticed Blork the orc
  6411 | D:6      | Killed Blork the orc
  6518 | D:6      | Reached skill level 5 in Fighting
  6518 | D:6      | Reached skill level 11 in Long Blades
  8184 | D:8      | Reached skill level 12 in Long Blades
  8184 | D:8      | Reached XP level 10. HP: 50/66 MP: 14/14
  8700 | D:8      | Reached *** piety under Okawaru
  8962 | D:9      | Found Zujozxov's General Store.
  8986 | D:9      | Found a sacrificial altar of Ru.
  9058 | D:9      | Bought a scroll of enchant weapon for 105 gold pieces
  9058 | D:9      | Bought a +2 buckler for 231 gold pieces
  9058 | D:9      | Bought a potion of agility for 56 gold pieces
  9088 | D:9      | Found a burning altar of Makhleb.
  9089 | D:9      | Found a basalt altar of Yredelemnul.
  9348 | D:9      | Noticed Prince Ribbit
  9367 | D:9      | Killed Prince Ribbit
  9501 | D:9      | Gained mutation: Your spells are a little harder to cast, but a little more powerful. [mutagenic meat]
  9511 | D:9      | Noticed Gastronok
  9834 | D:8      | Reached skill level 5 in Invocations
 10102 | D:9      | Killed Gastronok
 10102 | D:9      | Reached **** piety under Okawaru
 10102 | D:9      | Reached skill level 13 in Long Blades
 10543 | D:10     | Entered Level 10 of the Dungeon
 10552 | D:10     | Found a portal to a secret trove of treasure.
 10642 | D:10     | HP: 2/68 [orc priest/divine providence (13)]
 11023 | D:10     | Noticed a hill giant
 11034 | D:10     | Killed a hill giant
 11034 | D:10     | Reached XP level 11. HP: 60/72 MP: 16/16
 11160 | D:10     | Noticed a hill giant
 11170 | D:10     | Killed a hill giant
 11170 | D:10     | Reached ***** piety under Okawaru
 11274 | D:10     | Reached skill level 14 in Long Blades
 11354 | D:10     | Noticed a hill giant
 11358 | D:10     | Noticed a death drake
 11358 | D:10     | a hill giant changed into a death drake
 11361 | D:10     | Lost mutation: Your spells are a little harder to cast, but a little more powerful. [potion of cure mutation]
 11365 | D:10     | HP: 3/72 [death drake] (9)]
 11366 | D:10     | Engulfed by a death drake's foul pestilence

Vault maps used:
D:1:      lightli_molten_gateway, minmay_split_cup_large
D:3:      lemuel_coloured_pillars_altar, marbit_many_paths
D:4:      first_bread, minmay_fountain_box
D:5:      grunt_temple_overflow_bloody_war, grunt_qazlal_clouds
D:6:      st_stairs_11, uniq_sigmund, uniq_blork_the_orc
D:7:      grunt_ogre_cave, minmay_misc_feat_more_columns, uniq_joseph
D:8:      lair_0_dummy, kennysheep_cross_room
D:9:      grunt_temple_overflow_open, serial_shops, nicolae_shop_trees,
          uniq_gastronok, uniq_prince_ribbit1
D:10:     nicolae_trove_entry_crossroad, uniq_josephine
Temple:   cyrus_circular_temple

Skill      XL: |  1  2  3  4  5  6  7  8  9 10 11 |
---------------+----------------------------------+-----
Long Blades    | 3 4 5 6 7 8 10 12 13 14 | 14.0
Armour         | 3 4 5 6 |  6.3
Dodging        | 1 2 3 |  3.7
Fighting       | 4 5 6 |  6.2
Shields        | 3 5 6 |  6.3
Invocations    | 1 4 5 6 |  6.1

Action                   |  1- 3 |  4- 6 |  7- 9 | 10-12 || total
-------------------------+-------+-------+-------+-------++-------
Melee: Long sword        |   164 |    42 |       |       ||   206
       Scimitar          |       |   153 |   361 |   196 ||   710
       Triple sword      |       |       |       |    11 ||    11
Invok: Heroism           |       |       |       |     2 ||     2
Evoke: Wand              |       |       |     3 |     4 ||     7
  Use: Potion            |       |     4 |     1 |    10 ||    15
       Scroll            |       |       |     9 |     3 ||    12
 Stab: Confused          |       |       |     1 |       ||     1
  Eat: Chunk             |       |     6 |    10 |    12 ||    28
       Pizza             |       |     1 |       |       ||     1
       Meat ration       |       |       |     1 |       ||     1
       Beef jerky        |       |       |       |     2 ||     2
Armor: Scale mail        |    78 |    58 |   109 |    54 ||   299
       Robe              |       |       |     2 |       ||     2
       Skin              |       |       |     9 |       ||     9
Dodge: Dodged            |    44 |    91 |   130 |    71 ||   336
Block: Shield            |    77 |    13 |       |       ||    90
       Buckler           |       |       |    77 |    42 ||   119
